 Dungeon Crawl Stone Soup version 0.24-a0-335-g06ca16a (webtiles) character file.

Game seed: 10957691221364288399

9699 mhoghedin the Destroyer (level 11, 0/79 HPs)
             Began as a Mummy Wizard on May 18, 2019.
             Was an Elder of Vehumet.
             Slain by a red ugly thing (28 damage)
             ... on level 10 of the Dungeon.
             The game lasted 00:32:35 (13789 turns).

mhoghedin the Destroyer (Mummy Wizard)             Turns: 13789, Time: 00:32:35

Health: 0/79       AC:  5    Str: 11    XL:     11   Next: 26%
Magic:  0/20       EV: 13    Int: 20    God:    Vehumet [****..]
Gold:   261        SH:  0    Dex: 11    Spells: 0/22 levels left

rFire    x . .     SeeInvis .   i - +4 trident (distort) {!w}
rCold    + . .     Gourm    .   (no shield)
rNeg     + + +     Faith    .   w - +0 troll leather armour {regen}
rPois    ∞         Spirit   +   b - +0 hat
rElec    .         Reflect  .   h - +0 cloak
rCorr    .         Harm     .   (no gloves)
MR       +....                  (no boots)
Stlth    +.........             v - amulet of guardian spirit {Spirit}
HPRegen  0.63/turn              (no ring)
MPRegen  0.17/turn              (no ring)

@: very slightly contaminated, studying Staves
A: no food or potions, fire vulnerability, cold resistance 1, negative energy
resistance 3, torment resistance, unbreathing
a: Renounce Religion


You were on level 10 of the Dungeon.
You worshipped Vehumet.
Vehumet was greatly pleased with you.
You were not hungry.

You visited 2 branches of the dungeon, and saw 11 of its levels.

You collected 546 gold pieces.
You spent 285 gold pieces at shops.

Inventory:

Hand Weapons
 i - a +4 trident of distortion (weapon) {!w}
   (You found it on level 4 of the Dungeon)
Missiles
 c - 43 poisoned darts (quivered)
Armour
 a - a +0 robe
 b - a +0 hat (worn)
 h - a +0 cloak (worn)
   (You found it on level 7 of the Dungeon)
 w - a +0 troll leather armour (worn) {regen}
   (You found it on level 10 of the Dungeon)
 x - a +1 cloak of poison resistance
   (You took it off Maurice on level 10 of the Dungeon)
Jewellery
 v - an amulet of guardian spirit (around neck) {Spirit}
   (You took it off an orc warrior on level 9 of the Dungeon)
Wands
 d - a wand of polymorph (12)
   (You took it off Eustachio on level 5 of the Dungeon)
 j - a wand of random effects (39)
   (You found it on level 4 of the Dungeon)
 q - a wand of scattershot (3)
   (You found it on level 7 of the Dungeon)
 s - a wand of clouds (4)
   (You found it on level 9 of the Dungeon)
 t - a wand of enslavement (20)
   (You found it on level 9 of the Dungeon)
Scrolls
 e - 7 scrolls of remove curse
 f - 2 scrolls of blinking {!r}
 g - 2 scrolls of teleportation
 l - a scroll of immolation {!r}
 m - 2 scrolls of enchant armour
 n - 3 scrolls of fog
 o - a scroll of amnesia
 p - 4 scrolls of identify
 r - 2 scrolls of random uselessness
Books
 k - a manual of Staves {!d}
   (You found it on level 5 of the Dungeon)
Miscellaneous
 u - a box of beasts


   Skills:
 - Level 5.0 Fighting
 - Level 5.7 Polearms
 - Level 0.6 Throwing
 - Level 4.6 Dodging
 - Level 1.5 Stealth
 - Level 6.3 Spellcasting
 - Level 8.0 Conjurations
 - Level 2.4 Hexes
 - Level 1.7 Summonings
 + Level 1.1 Translocations
 - Level 6.6 Transmutations
 - Level 3.6 Fire Magic
 - Level 0.4 Air Magic
 - Level 0.3 Poison Magic


You couldn't memorise any spells.
You knew the following spells:

 Your Spells              Type           Power        Failure   Level  Hunger
a - Magic Dart            Conj           ####         1%          1    N/A
b - Blink                 Tloc           N/A          13%         2    N/A
c - Call Imp              Summ           ##......     10%         2    N/A
d - Conjure Flame         Conj/Fire      ####....     1%          3    N/A
e - Irradiate             Conj/Tmut      #####.....   5%          5    N/A
f - Force Lance           Conj/Tloc      ###.....     5%          4    N/A
s - Slow                  Hex            ###.....     8%          2    N/A
x - Mephitic Cloud        Conj/Pois/Air  ###.....     3%          3    N/A

Your spell library contained the following spells:

 Spells                   Type           Power        Failure   Level  Hunger
 Hydra Form               Tmut           Unusable     N/A         6    N/A
 Statue Form              Tmut/Erth      Unusable     N/A         6    N/A
 Dragon Form              Tmut           Unusable     N/A         7    N/A

Dungeon Overview and Level Annotations

Branches:
Dungeon (10/15)            Temple (1/1) D:4            Lair (0/6) D:10
    Orc: D:9-12

Altars:
Ashenzari
Cheibriados
Dithmenos
Elyvilon
Fedhas
Gozag
Hepliaklqana
Kikubaaqudgha
Makhleb
Nemelex Xobeh
Okawaru
Qazlal
Ru
Sif Muna
Trog
Uskayaw
Vehumet
Wu Jian
Xom
Yredelemnul
Zin
The Shining One

Shops:
D:7 ?   D:9 *

Annotations:
D:3 3 runed translucent doors, galech's ghost, amateur DsFi
D:4 1 transporter, Stiffzip's ghost, amateur MfTm
D:5 Ijyb
D:9 Erica
D:10 Urug
Abyss:1 Pikel


Innate Abilities, Weirdness & Mutations

You do not eat or drink.
Your flesh is vulnerable to fire.
You are immune to poison.
Your flesh is cold resistant. (rC+)
You are immune to negative energy. (rN+++)
You are immune to unholy pain and torment.
You can survive without breathing.


Message History

You take 4 damage, and have 48/79 hp.
You now have 12/20 mp.
You puncture the phantom!
The phantom disappears!
Things that are here:
10 arrows; a cursed -1 shortbow; a centaur corpse
There is a stone staircase leading up here.
Memorise Force Lance, consuming 4 spell levels and leaving 0?
Vehumet grants you knowledge of Force Lance.
You start memorising the spell.
You continue memorising. x4
You finish memorising.
Spell assigned to 'f'.
You regained 3 hp, and now have 54/79 hp.
Unknown command.
You start resting.
Health restored: 79; MP restored: 20 You see here a +0 morningstar.
Found a stone staircase leading down.
There is a stone staircase leading down here.
c - 43 poisoned darts (gained 14);
x - a +1 cloak of poison resistance
j - a wand of random effects (39) (gained 27 charges)
Things that are here:
a +6 short sword of speed; a javelin; the human skeleton of Maurice Your magical contamination has completely faded away.
The phantom is too close now for your liking.
No target in view!
No target in view!
The phantom hits you.
You take 4 damage, and have 75/79 hp.
You hit the phantom. The phantom barely misses you.
You barely miss the phantom. The phantom hits you.
You take 2 damage, and have 74/79 hp.
You now have 19/20 mp.
You hit the phantom.
The phantom looks slightly unstable.
The phantom barely misses you.
You hit the phantom.
Space warps horribly around the phantom!!
The phantom blinks!
The phantom disappears!
Found a snail-covered altar of Cheibriados.
No target in view!
No target in view!
No target in view!
You see here a leather armour.
The phantom is too close now for your liking.
There is a snail-covered altar of Cheibriados here.
Health restored: 79; MP restored: 20 The phantom blinks!
You see here a leather armour.
The phantom blinks!
You barely miss the phantom.
The phantom blinks!
You puncture the phantom!
The phantom disappears!
No target in view!
You see here a scale mail.
You see here a leather armour.
There is a snail-covered altar of Cheibriados here.
Found a stone staircase leading down.
A crimson imp comes into view.
The crimson imp shouts!
The crimson imp laughs crazily.
No target in view!
The crimson imp is too close now for your liking.
You hit the crimson imp.
Space bends around the crimson imp.
The crimson imp barely misses you.
You barely miss the crimson imp.
The crimson imp shouts, "Turn tail, thou cockered shard-borne clothbag!"
The crimson imp blinks!
Attack whom?
Aim: a crimson imp You reach to attack!
You hit the crimson imp.
Space bends around the crimson imp.
A red ugly thing comes into view.
The crimson imp lashes its tail.
The crimson imp blinks!
Attack whom?
Aim: a crimson imp (heavily wounded)
You reach to attack!
You closely miss the crimson imp. You miss the crimson imp.
The crimson imp hits you.
You take 2 damage, and have 77/79 hp.
You now have 19/20 mp.
You closely miss the crimson imp. The crimson imp hits you.
The crimson imp blinks!
The crimson imp blinks!
Health restored: 79 MP restored: 20 You erupt in a fountain of uncontrolled magic!
The red ugly thing is blasted with magical radiation!!
The red ugly thing basks in the mutagenic energy and changes!
You are very lightly contaminated with residual magic.
The white ugly thing engulfs you! The white ugly thing freezes you! You resist.
You take 19 damage, and have 60/79 hp.
MASSIVE DAMAGE!!
You now have 11/20 mp.
You erupt in a fountain of uncontrolled magic!
The white ugly thing is blasted with magical radiation!!
The white ugly thing basks in the mutagenic energy and changes!
The red ugly thing tail-slaps you.
You are engulfed in flames!!
The fire burns you terribly!
You take 29 damage, and have 31/79 hp.
MASSIVE DAMAGE!!
You now have 3/20 mp.
You don't have enough magic to cast that spell.
You closely miss the red ugly thing. The red ugly thing tail-slaps you.
You are engulfed in flames!!
The fire burns you terribly!
You die...

#........###..........#
#........###..........#
########..##..........#
##.##..........#
#..#.5........#
##.#.####...###########
#.#.# #...##........#
#.#.####...##........#
#.#..@u5....'........'
#.#.#########........#
#.#.# #........# #.#.#
#........# #...#
#.....[..# ##..#
#!.......# #.>#
#........# ####
#........# ##########


You could see a red ugly thing and a crimson imp.

Vanquished Creatures
  An orc knight (D:10)
  A centaur zombie (D:10)
  Maurice (D:10)
  A centaur skeleton (D:10)
  A gargoyle (D:10)
  A komodo dragon (D:10)
  The ghost of Stiffzip the Cutter, a novice SpCK of Xom (D:9)
  A troll (D:10)
  A polar bear (D:9)
  Prince Ribbit (D:9)
  A hippogriff (D:7)
  2 spriggans (D:9)
  A wraith (D:10)
  A wyvern (D:10)
  3 yaks (D:10)
  3 vampire mosquitoes (D:9)
  4 hogs (D:9)
  A human (D:9)
  Grum (D:10)
  2 hungry ghosts
  Menkaure (D:6)
  3 black bears
  3 orc warriors
  2 sky beasts (D:9)
  3 slaves (D:5)
  An ice beast (D:9)
  2 ogres
  2 wolves (D:10)
  3 centaurs
  A big kobold (D:10)
  4 bullfrogs
  A wyvern skeleton (D:8)
  2 water moccasin skeletons
  5 killer bees (D:7)
  8 wights
  2 howler monkeys
  A crimson imp (D:7)
  3 jellies
  3 orc priests
  A bullfrog zombie (D:9)
  3 hounds
  2 iguanas
  2 orc wizards (D:9)
  5 worker ants
  A killer bee zombie (D:6)
  A hound skeleton (D:10)
  A worker ant zombie (D:5)
  3 gnolls (D:7)
  2 howler monkey skeletons
  13 adders
  10 shadow imps
  3 oozes
  2 adder zombies (D:6)
  An adder skeleton (D:8)
  3 worms
  8 dart slugs
  9 leopard geckos
  27 orcs
  5 bats
  3 giant cockroaches
  6 hobgoblins
  5 jackals
  2 quokkas (D:6)
  2 ball pythons
  6 frilled lizards
  7 goblins
  A jackal skeleton (D:7)
  9 kobolds
  A quokka skeleton (D:4)
  7 rats
  A plant (D:10)
231 creatures vanquished.

Vanquished Creatures (collateral kills)
  Eustachio (D:5)
  An ogre (D:7)
  A killer bee (D:7)
  A worker ant (D:5)
  3 gnolls (D:2)
  An adder (D:2)
  A worm (D:2)
9 creatures vanquished.

Vanquished Creatures (others)
  A yak (D:10)
  A slave (D:5)
  An ice beast (D:6)
  An ogre (D:8)
  A big kobold (D:8)
  A bullfrog (D:7)
  An iguana (D:10)
  An orc wizard (D:9)
  A hound skeleton (D:7)
  A howler monkey skeleton (D:9)
  A fungus (D:9)
  27 plants
38 creatures vanquished.

Grand Total: 278 creatures vanquished

Notes
Turn   | Place    | Note
-------+----------+-------------------------------------------
     0 | D:1      | mhoghedin the Mummy Wizard began the quest for the Orb.
     0 | D:1      | Reached XP level 1. HP: 13/13 MP: 5/5
   157 | D:1      | Reached XP level 2. HP: 7/19 MP: 0/7
   684 | D:1      | Reached skill level 5 in Spellcasting
   877 | D:1      | You fall through a shaft!
   936 | D:2      | Reached XP level 3. HP: 10/24 MP: 0/9
  1106 | D:2      | Learned a level 2 spell: Blink
  1109 | D:2      | Learned a level 2 spell: Call Imp
  1112 | D:2      | Learned a level 2 spell: Slow
  1116 | D:2      | Learned a level 3 spell: Conjure Flame
  1185 | D:2      | HP: 5/24 [rat (2)]
  1545 | D:2      | Learned a level 3 spell: Mephitic Cloud
  1658 | D:2      | Reached skill level 6 in Spellcasting
  2130 | D:2      | Reached XP level 4. HP: 30/30 MP: 7/12
  2608 | D:3      | Found a runed translucent gate.
  2616 | D:3      | Found a runed translucent gate.
  2616 | D:3      | Found a runed translucent gate.
  2619 | D:3      | Noticed galech's ghost (amateur DsFi)
  3042 | D:3      | Found a stormy altar of Qazlal.
  3120 | D:3      | Reached skill level 1 in Hexes
  3259 | D:3      | Reached skill level 1 in Conjurations
  3259 | D:3      | Reached skill level 1 in Summonings
  3259 | D:3      | Reached skill level 1 in Translocations
  3259 | D:3      | Reached XP level 5. HP: 14/35 MP: 5/13
  4185 | D:4      | Found a staircase to the Ecumenical Temple.
  4194 | Temple   | Entered the Ecumenical Temple
  4346 | Temple   | Became a worshipper of Vehumet
  4653 | D:4      | Noticed Stiffzip's ghost (amateur MfTm)
  4654 | D:4      | Noticed an ogre
  4654 | D:4      | Noticed an ogre
  4655 | D:4      | Found a transporter.
  4661 | D:4      | Identified the cursed +1 great mace "Otemih" {crush, MR+
                  | Str+4}
  4661 | D:4      | Noticed an ogre
  4945 | D:5      | Entered Level 5 of the Dungeon
  5127 | D:5      | Noticed Eustachio
  5142 | D:5      | Killed Eustachio
  5142 | D:5      | Reached skill level 1 in Polearms
  5142 | D:5      | Reached XP level 6. HP: 40/41 MP: 11/15
  5311 | D:5      | Reached skill level 2 in Polearms
  5636 | D:5      | Reached skill level 3 in Polearms
  5857 | D:5      | Reached XP level 7. HP: 46/46 MP: 16/16
  5982 | D:5      | Noticed Pikel
  5996 | D:5      | HP: 10/46 [slave[Pikel] (5)]
  6513 | D:5      | Noticed Ijyb
  6614 | D:5      | Banished Pikel
  6614 | D:5      | Reached skill level 2 in Conjurations
  6614 | D:5      | Reached skill level 2 in Fire Magic
  6861 | D:6      | Reached skill level 3 in Conjurations
  6882 | D:6      | Reached * piety under Vehumet
  6882 | D:6      | Offered knowledge of Flame Tongue by Vehumet.
  6982 | D:6      | Reached skill level 3 in Fire Magic
  6982 | D:6      | Reached XP level 8. HP: 33/52 MP: 11/17
  7382 | D:6      | Noticed Menkaure
  7387 | D:6      | Killed Menkaure
  7387 | D:6      | Reached skill level 4 in Conjurations
  7400 | D:6      | Reached skill level 2 in Hexes
  7687 | D:7      | Found Cypask's Magic Scroll Boutique.
  7692 | D:7      | Bought 2 scrolls of fog for 44 gold pieces
  7692 | D:7      | Bought a scroll of fog for 22 gold pieces
  7692 | D:7      | Bought a scroll of remove curse for 33 gold pieces
  7692 | D:7      | Bought a scroll of remove curse for 33 gold pieces
  7692 | D:7      | Bought a scroll of enchant armour for 82 gold pieces
  7692 | D:7      | Bought a scroll of amnesia for 38 gold pieces
  7890 | D:7      | Reached skill level 1 in Fighting
  7890 | D:7      | Reached skill level 2 in Dodging
  8008 | D:7      | Reached skill level 4 in Polearms
  8058 | D:7      | Reached ** piety under Vehumet
  8058 | D:7      | Reached skill level 2 in Fighting
  8064 | D:7      | Offered knowledge of Freeze by Vehumet.
  8086 | D:7      | HP: 10/57 [killer bee (6)]
  8399 | D:7      | Reached skill level 3 in Dodging
  8458 | D:7      | Reached skill level 3 in Fighting
  8458 | D:7      | Reached XP level 9. HP: 63/63 MP: 18/18
  8464 | D:7      | Found an opulent altar of Gozag.
  8930 | D:8      | Reached skill level 5 in Polearms
  8975 | D:8      | Offered knowledge of Throw Frost by Vehumet.
  9005 | D:8      | Reached skill level 4 in Fighting
  9316 | D:8      | Reached skill level 4 in Dodging
  9527 | D:8      | Learned a level 5 spell: Irradiate
  9611 | D:9      | Reached *** piety under Vehumet
  9695 | D:9      | Found Jereil's General Store.
  9710 | D:9      | Bought a scroll of teleportation for 33 gold pieces
  9727 | D:9      | HP: 12/66 [vampire mosquito (10)]
  9731 | D:9      | Noticed Erica
  9739 | D:9      | HP: 1/66 [orc wizard/puff of flame (12)]
 10302 | D:7      | Reached skill level 1 in Transmutations
 10515 | D:9      | Reached skill level 2 in Transmutations
 10581 | D:9      | Reached skill level 5 in Conjurations
 10809 | D:9      | Noticed Prince Ribbit
 10825 | D:9      | Killed Prince Ribbit
 10825 | D:9      | Reached skill level 3 in Transmutations
 11080 | D:9      | Offered knowledge of Dazzling Spray by Vehumet.
 11086 | D:9      | Reached XP level 10. HP: 58/73 MP: 19/19
 11461 | D:9      | Reached skill level 4 in Transmutations
 11469 | D:9      | Reached skill level 6 in Conjurations
 11611 | D:9      | Found a runed translucent door.
 11611 | D:9      | Noticed Stiffzip's ghost (novice SpCK)
 11611 | D:9      | Identified the +10 spear "Tockibabb" {pierce, Str+2 Int-3
                  | Dex+6 Stlth-}
 12061 | D:9      | Killed Stiffzip's ghost
 12061 | D:9      | Reached skill level 5 in Transmutations
 12265 | D:10     | Entered Level 10 of the Dungeon
 12283 | D:10     | Noticed Grum
 12296 | D:10     | Killed Grum
 12314 | D:10     | Reached skill level 7 in Conjurations
 12562 | D:10     | Reached skill level 6 in Transmutations
 12813 | D:10     | Reached XP level 11. HP: 78/78 MP: 20/20
 12945 | D:10     | Found a staircase to the Lair.
 13006 | D:10     | Reached **** piety under Vehumet
 13061 | D:10     | Reached skill level 8 in Conjurations
 13208 | D:10     | Noticed an orc knight
 13213 | D:10     | Noticed Urug
 13225 | D:10     | Killed an orc knight
 13304 | D:10     | Noticed Maurice
 13317 | D:10     | Killed Maurice
 13317 | D:10     | Offered knowledge of Force Lance by Vehumet.
 13321 | D:10     | HP: 19/78 [Urug/+4 vampiric eveningstar (16)]
 13574 | D:10     | Reached skill level 5 in Fighting
 13596 | D:10     | Learned a level 4 spell: Force Lance
 13674 | D:10     | Found a snail-covered altar of Cheibriados.
 13774 | D:10     | Noticed a red ugly thing
 13789 | D:10     | Slain by a red ugly thing

Levels and vault maps discovered:
D:1:      dpeg_arrival_windows_large_door, layout_loops_ring,
          minmay_misc_feat_alley, minmay_door_square
D:2:      layout_basic
D:3:      layout_basic, first_ration, ebering_ghost_rock_garden,
          grunt_qazlal_clouds
D:4:      layout_loops_ring, minmay_temple_entry_overgrown,
          gammafunk_ghost_smash
D:5:      layout_basic, minmay_manual_macuahuitl, uniq_eustachio, uniq_ijyb,
          uniq_pikel
D:6:      layout_loops_ring, minmay_misc_feat_rugged, uniq_menkaure
D:7:      layout_basic, overflow_temple_1_default, serial_shops,
          nicolae_shop_stone
D:8:      layout_loops_ring
D:9:      layout_layer_cave, ebering_ghost_funeral_grove, serial_shops, shop,
          grunt_livestock, uniq_prince_ribbit1, uniq_erica
D:10:     minmay_bloctagon_deflated, layout_basic, david_lair_shrubbed,
          basic_altar, uniq_urug, uniq_grum, uniq_maurice
Temple:   regret_index_temple_chain_breaker

Skill      XL: |  1  2  3  4  5  6  7  8  9 10 11 |
---------------+----------------------------------+-----
Spellcasting   | 5 6 |  6.3
Hexes          | 1 2 |  2.4
Conjurations   | 1 3 4 5 7 8 |  8.0
Summonings     | 1 |  1.7
Translocations | 1 |  1.1
Polearms       | 1 3 4 5 |  5.7
Fire Magic     | 3 |  3.6
Fighting       | 3 4 5 |  5.0
Dodging        | 3 4 |  4.6
Transmutations | 3 6 |  6.6
Throwing       | |  0.6
Stealth        | |  1.5
Air Magic      | |  0.4
Poison Magic   | |  0.3

Action                   |  1- 3 |  4- 6 |  7- 9 | 10-12 || total
-------------------------+-------+-------+-------+-------++-------
Melee: Whip              |     7 |       |       |       ||     7
       Trident           |       |    37 |   349 |   129 ||   515
Throw: Dart              |    17 |    29 |       |       ||    46
 Cast: Magic Dart        |    83 |   142 |       |     3 ||   228
       Call Imp          |     9 |     5 |    11 |       ||    25
       Conjure Flame     |       |       |    22 |     5 ||    27
       Blink             |       |       |     3 |     1 ||     4
       Mephitic Cloud    |       |       |     7 |     5 ||    12
       Slow              |       |       |     3 |       ||     3
       Irradiate         |       |       |     5 |    23 ||    28
Evoke: Wand              |       |       |     6 |     3 ||     9
  Use: Scroll            |       |     8 |     9 |       ||    17
 Stab: Sleeping          |       |     2 |    11 |       ||    13
       Confused          |       |       |     3 |     2 ||     5
Armor: Robe              |     5 |     7 |    27 |     6 ||    45
       Troll leather arm |       |       |       |     8 ||     8
Dodge: Dodged            |    26 |    50 |   122 |    70 ||   268

Table legend:
 A = Non-vault XP
 B = Vault XP
 C = Vault XP percentage of total XP
 D = Non-vault monster count
 E = Vault monster count
 F = Vault count percentage of total count
                 A         B        C        D         E       F
            +---------+---------+-------+---------+---------+-------
      Total |    8956 |    4900 |  35.4 |     224 |      22 |   8.9
            +---------+---------+-------+---------+---------+-------
        D:1 |      36 |       0 |   0.0 |      16 |       0 |   0.0
        D:2 |      62 |       0 |   0.0 |      17 |       0 |   0.0
        D:3 |     156 |       0 |   0.0 |      32 |       0 |   0.0
        D:4 |      80 |       0 |   0.0 |       8 |       0 |   0.0
        D:5 |     145 |     679 |  82.4 |      12 |       4 |  25.0
        D:6 |     534 |     169 |  24.0 |      21 |       1 |   4.5
        D:7 |    1648 |       0 |   0.0 |      34 |       0 |   0.0
        D:8 |     648 |       0 |   0.0 |      21 |       0 |   0.0
        D:9 |    1860 |    2213 |  54.3 |      31 |      11 |  26.2
       D:10 |    3787 |    1839 |  32.7 |      32 |       6 |  15.8
            +---------+---------+-------+---------+---------+-------

Levels and vault maps discovered:
D:1:      dpeg_arrival_windows_large_door, layout_loops_ring,
          minmay_misc_feat_alley, minmay_door_square
D:2:      layout_basic
D:3:      layout_basic, first_ration, ebering_ghost_rock_garden,
          grunt_qazlal_clouds
D:4:      layout_loops_ring, minmay_temple_entry_overgrown,
          gammafunk_ghost_smash
D:5:      layout_basic, minmay_manual_macuahuitl, uniq_eustachio, uniq_ijyb,
          uniq_pikel
D:6:      layout_loops_ring, minmay_misc_feat_rugged, uniq_menkaure
D:7:      layout_basic, overflow_temple_1_default, serial_shops,
          nicolae_shop_stone
D:8:      layout_loops_ring
D:9:      layout_layer_cave, ebering_ghost_funeral_grove, serial_shops, shop,
          grunt_livestock, uniq_prince_ribbit1, uniq_erica
D:10:     minmay_bloctagon_deflated, layout_basic, david_lair_shrubbed,
          basic_altar, uniq_urug, uniq_grum, uniq_maurice
Temple:   regret_index_temple_chain_breaker

Table legend:
 A = Turns spent in this place as a percentage of turns spent in the entire game.
 B = Non-inter-level travel turns spent in this place as a percentage of non-inter-level travel turns spent in the entire game.
 C = Inter-level travel turns spent in this place as a percentage of turns spent in this place.
 D = Turns resting spent in this place as a percentage of non-inter-level travel turns spent in this place.
 E = Turns spent auto-exploring this place as a percentage of non-inter-level travel turns spent in this place.
 F = Non-inter-level travel turns spent in this place divided by the number of levels of this place that you've seen.
                   A       B       C       D       E      F
               +-------+-------+-------+-------+-------+----------------------
         Total | 100.0 | 100.0 |   3.3 |  38.0 |  43.9 | 1212.2
       Dungeon |  98.8 |  99.0 |   3.2 |  38.4 |  43.4 | 1319.6
        Temple |   1.2 |   1.0 |  14.8 |   0.0 |  91.3 | 138.0
               +-------+-------+-------+-------+-------+----------------------

Table legend:
 A = Kills in this place as a percentage of kills in entire the game.
 B = Kills by you in this place as a percentage of kills by you in the entire game.
 C = Kills by friends in this place as a percentage of kills by friends in the entire game.
 D = Other kills in this place as a percentage of other kills in the entire game.
 E = Experience gained in this place as a percentage of experience gained in the entire game.
 F = Experience gained in this place divided by the number of levels of this place that you have seen.
                   A       B       C       D       E      F
               +-------+-------+-------+-------+-------+----------------------
         Total | 100.0 | 100.0 | 100.0 | 100.0 | 100.0 | 1259.6
       Dungeon | 100.0 | 100.0 | 100.0 | 100.0 | 100.0 | 1385.6
               +-------+-------+-------+-------+-------+----------------------
